 Dungeon Crawl Stone Soup version 0.30-a0-718-geaa24f58ff (webtiles) character file.

Game seed: 7329582363046004240

282 pokeman the Magician (level 6, -1/33 (34) HPs)
             Began as a Deep Elf Hedge Wizard on Jan 25, 2023.
             Succumbed to a gnoll's poison
             ... on level 4 of the Dungeon.
             The game lasted 00:07:06 (3938 turns).

pokeman the Magician (Deep Elf Hedge Wizard)        Turns: 3938, Time: 00:07:07

HP:   -1/33 (34)    AC:  2    Str:  7    XL:     6   Next: 6%
MP:   0/16          EV: 13    Int: 21    God:
Gold: 122           SH:  0    Dex: 14    Spells: 8/16 levels left

rFire   . . .      SeeInvis .    l - +1 short sword (speed)
rCold   + . .      Faith    .    (no shield)
rNeg    . . .      Spirit   .    b - +0 robe
rPois   .          Reflect  .    c - +0 hat
rElec   .          Harm     .    f - scarf {repulsion}
rCorr   .          Rampage  .    (no gloves)
Will    .....                    (no boots)
Stlth   ++                       (no amulet)
HPRegen 0.25/turn                e - ring of protection from cold
MPRegen 0.15/turn                (no ring)

@: lethally poisoned (-1 -> -14), lightly drained, repel missiles
A: no striking features
a: no special abilities


You were on level 4 of the Dungeon.
You visited 1 branch of the dungeon, and saw 4 of its levels.

You collected 122 gold pieces.

Inventory:

Hand Weapons
 l - a +1 short sword of speed (weapon)
Missiles
 t - 2 throwing nets
Armour
 b - a +0 robe (worn)
 c - a +0 hat (worn)
 f - a scarf of repulsion (worn)
 o - a +0 buckler
Magical Staves
 a - a staff of fire
Jewellery
 e - a ring of protection from cold (left hand)
 v - a ring of fire
Scrolls
 g - 6 scrolls of identify {unknown}
 h - a scroll of vulnerability {unknown}
 j - 2 scrolls of teleportation {unknown}
 p - a scroll of fear {unknown}
 q - 2 scrolls of amnesia {unknown}
 s - a scroll of acquirement {unknown}
Potions
 d - a potion of magic
 i - 2 potions of degeneration {unknown}
 k - a potion of cancellation {unknown}
 m - a potion of resistance {unknown}
 n - 2 potions of berserk rage {unknown}
 r - a potion of mutation {unknown}
 u - a potion of curing {unknown}


   Skills:
 + Level 1.0 Fighting
 - Level 1.0 Armour
 - Level 3.0 Dodging
 - Level 3.1 Stealth
 - Level 1.0 Shields
 * Level 5.6 Spellcasting
 + Level 2.3 Conjurations
 + Level 2.1 Summonings
 - Level 2.0 Translocations
 + Level 1.0 Fire Magic
 - Level 1.0 Air Magic
 - Level 1.2 Poison Magic
 - Level 1.0 Evocations


You had 8 spell levels left.
You knew the following spells:

 Your Spells              Type           Power      Damage    Failure   Level
a - Magic Dart            Conj           60%        1d6       3%          1
b - Mephitic Cloud        Conj/Pois/Air  12%        N/A       16%         3
c - Call Imp              Summ           14%        N/A       6%          2
d - Blink                 Tloc           28%        N/A       7%          2

Your spell library contained the following spells:

 Spells                   Type           Power      Damage    Failure   Level
 Summon Small Mammal      Summ           56%        N/A       4%          1
 Slow                     Hex            20%        N/A       11%         1
 Cigotuvi's Dreadful Rot  Necr/Pois/Air  18%        N/A       11%         2
 Call Canine Familiar     Summ           14%        N/A       13%         3
 Summon Guardian Golem    Hex/Summ       10%        N/A       21%         3


Dungeon Overview and Level Annotations

Branches:
Dungeon (4/15)
 Temple: D:4-7

Altars:
Hepliaklqana

Shops:
D:1 :

Annotations:
D:3 Grinder


Message History

There is a stone staircase leading down here.
The gnoll bouda attacks as you move away!
The gnoll bouda closely misses you.
Your attacks no longer feel as feeble.
Casting: Call Imp (safe; 6% risk of failure)
Confirm with . or Enter, or press ? or * to list all spells.
A beastly little devil appears in a puff of flame.
The dart slug closely misses your crimson imp.
The gnoll bouda misses you.
You barely miss the gnoll bouda.
The gnoll hits your crimson imp with a +0 spear.
The gnoll bouda gazes fiercely through you!
You feel your attacks grow feeble.
Your crimson imp hits the dart slug.
The dart slug closely misses your crimson imp.
You barely miss the gnoll bouda.
Your crimson imp hits the dart slug.
The gnoll bouda barks out a call to the hunt!
The dart slug barely misses your crimson imp.
The gnoll bouda attacks as you move away!
The gnoll bouda hits you with a +0 whip!
* * * LOW HITPOINT WARNING * * *
Your crimson imp hits the dart slug but does no damage.
There is a stone staircase leading up here.
The dart slug launches a dart at your crimson imp.
The slug dart hits your crimson imp but does no damage.
Your crimson imp hits the dart slug.
Your crimson imp hits the dart slug.
The dart slug dies!
The gnoll bouda attacks as you move away!
The gnoll bouda misses you.
The gnoll is no longer moving quickly.
Your attacks no longer feel as feeble.
Casting: Call Imp (safe; 6% risk of failure)
Confirm with . or Enter, or press ? or * to list all spells.
A beastly little devil appears in a puff of frigid air.
The gnoll attacks as you move away!
The gnoll hits you with a +0 whip of venom.
* * * LOW HITPOINT WARNING * * *
You are lethally poisoned!
You die...

#########.......####.....#
#......## #.........
##.....## #...######
##......# ##.## #.......#
#.### #.......## ....##
#.....<..## ..... ##
#......5..# ...##...
#...[.@...# #)...g..
###...g.##..# #g...g.g
##.....g####.## #)#
.........# ##.## #.#
.........## ##.## #.#
#..#####.g# ##.###.# #.
##.## ##....# #
##.#####.>..# ##5<...5†..#


You could see a gnoll bouda (ally target), a gnoll (swift) and a friendly white
imp (summoned).

Vanquished Creatures
  A necrophage (D:4)
  A hound (D:4)
  2 orc wizards (D:4)
  2 gnolls (D:4)
  4 adders
  A worm (D:2)
  3 dart slugs
  2 orcs (D:4)
  3 bats
  5 endoplasms
  2 giant cockroaches (D:1)
  2 goblins
  6 hobgoblins
  2 jackals (D:1)
  4 kobolds
  5 quokkas
  5 ball pythons
  6 rats
56 creatures vanquished.

Vanquished Creatures (collateral kills)
  A gnoll (D:4)
  A dart slug (D:4)
  An orc (D:4)
  A kobold (D:4)
4 creatures vanquished.

Vanquished Creatures (others)
  A fungus (D:2)
1 creature vanquished.

Grand Total: 61 creatures vanquished

Notes
Turn   | Place    | Note
-------+----------+-------------------------------------------
     0 | D:1      | pokeman the Deep Elf Hedge Wizard began the quest for the
                  | Orb.
     0 | D:1      | Reached XP level 1. HP: 10/10 MP: 7/7
   228 | D:1      | Reached XP level 2. HP: 15/15 MP: 5/9
   952 | D:1      | Reached XP level 3. HP: 19/19 MP: 9/11
   956 | D:1      | Learned a level 3 spell: Mephitic Cloud
   959 | D:1      | Learned a level 2 spell: Blink
   962 | D:1      | Learned a level 2 spell: Call Imp
  1078 | D:1      | Found Oto Este's Book Shoppe.
  1339 | D:2      | Found a hazy altar of Hepliaklqana.
  1807 | D:2      | Found a faded altar of an unknown god.
  2464 | D:3      | Reached XP level 4. HP: 24/24 MP: 9/12
  2643 | D:3      | Noticed Grinder
  2674 | D:3      | Paralysed by Grinder for 4 turns
  2708 | D:3      | Paralysed by Grinder for 5 turns
  3420 | D:4      | Reached skill level 5 in Spellcasting
  3429 | D:4      | Reached XP level 5. HP: 21/28 MP: 2/14
  3583 | D:4      | Reached skill level 1 in Fire Magic
  3583 | D:4      | Reached skill level 1 in Air Magic
  3583 | D:4      | Reached skill level 1 in Evocations
  3718 | D:4      | Reached skill level 1 in Poison Magic
  3900 | D:4      | Reached skill level 1 in Fighting
  3900 | D:4      | Reached skill level 1 in Armour
  3900 | D:4      | Reached skill level 1 in Shields
  3906 | D:4      | Reached XP level 6. HP: 32/33 MP: 2/16
  3938 | D:4      | Succumbed to a gnoll's poison

Illustrated notes

Levels and vault maps discovered:
D:1:      zelgadis_glass_arrival_small, layout_loops_cross, serial_shops,
          nicolae_shop_advertising_works [nicolae_subvault_shop_adworks]
D:2:      layout_rooms, basic_altar, shapermc_ecumenical_altar_ellora,
          kennysheep_generic_room_12
D:3:      layout_basic, uniq_grinder
D:4:      layout_layer_cave, temple_fountains, due_unseen_surprise,
          uniq_menkaure, uniq_sigmund

Skill      XL: |  1  2  3  4  5 |
---------------+----------------+-----
Stealth        | 3 |  3.1
Summonings     | 2 |  2.1
Dodging        | 3 |  3.0
Spellcasting   | 5 |  5.6
Conjurations   | 2 |  2.3
Translocations | 2 |  2.0
Fire Magic     | 1 |  1.0
Air Magic      | 1 |  1.0
Evocations     | 1 |  1.0
Poison Magic   | 1 |  1.2
Fighting       | 1 |  1.0
Armour         | 1 |  1.0
Shields        | 1 |  1.0

Action                     |  1- 3 |  4- 6 || total
---------------------------+-------+-------++-------
  Melee: Dagger            |    20 |       ||    20
         Short sword       |     3 |    46 ||    49
   Cast: Magic Dart        |   116 |    70 ||   186
         Call Imp          |       |    10 ||    10
         Mephitic Cloud    |       |     4 ||     4
         Blink             |       |     2 ||     2
   Stab: Sleeping          |     1 |       ||     1
         Confused          |       |     4 ||     4
 Armour: Robe              |     5 |     6 ||    11
  Dodge: Dodged            |    19 |    40 ||    59
         Repelled          |     1 |     1 ||     2

Table legend: (Time is in decaauts)
 A = Elapsed time spent in this place.
 B = Non-inter-level travel time spent in this place.
 C = Inter-level travel time spent in this place.
 D = Time resting spent in this place.
 E = Time spent auto-exploring this place.
 F = Levels seen in this place.
 G = Mean time per level.
                   A        B        C        D        E       F      G
               +--------+--------+--------+--------+--------+-----+--------+
         Total |   3920 |   3789 |    131 |    204 |   3006 |   4 |  980.0 |
       Dungeon |   3920 |   3789 |    131 |    204 |   3006 |   4 |  980.0 |
               +--------+--------+--------+--------+--------+-----+--------+

Top non-repeatable levels by time:
     D:1: 1222 daAuts
     D:3: 1017 daAuts
     D:4: 862 daAuts
     D:2: 818 daAuts
